 Dungeon Crawl Stone Soup version 0.31-a0-188-g5e087ee2ca (webtiles) character file.

Game seed: 18229406455943849076

198 qw the Skirmisher (level 5, 0/29 HPs)
             Began as a Deep Elf Hunter on June 23, 2023.
             Slain by an orc priest
             ... wielding a +0 club
              (5 damage)
             ... on level 4 of the Dungeon.
             The game lasted 00:01:02 (2396 turns).

qw the Skirmisher (Deep Elf Hunter)                 Turns: 2396, Time: 00:01:02

Health: 0/29       AC:  4    Str: 10    XL:     5   Next: 47%
Magic:  7/7        EV: 12    Int: 14    God:
Gold:   246        SH:  0    Dex: 18    Spells: 4/4 levels left

rFire   . . .        Y - +1 shortbow
rCold   . . .        (shield currently unavailable)
rNeg    . . .        c - +0 leather armour
rPois   .            (no helmet)
rElec   .            e - +0 cloak
rCorr   +            (no gloves)
SInv    .            (no boots)
Will    .....        (no amulet)
Stlth   ++           g - ring of resist corrosion
HPRegen 0.24/turn    (no ring)
MPRegen 0.10/turn

%: no passive effects
@: no status effects
A: no striking features
a: no special abilities


You were on level 4 of the Dungeon.
You visited 1 branch of the dungeon, and saw 4 of its levels.

You collected 246 gold pieces.


   Skills:
 - Level 1.5 Fighting
 - Level 9.0 Ranged Weapons
 + Level 2.5 Dodging
 - Level 1.2 Stealth


You had 4 spell levels left.
You didn't know any spells.
Your spell library was empty.

Inventory:

Hand Weapons
 Y - a +1 shortbow (weapon)
Armour
 c - a +0 leather armour (worn)
 e - a +0 cloak (worn)
Jewellery
 g - a ring of resist corrosion (left hand)
 i - a ring of resist corrosion
Scrolls
 b - 2 scrolls of identify
Potions
 a - 2 potions of resistance
 f - a potion of enlightenment
 j - 4 potions of haste

Dungeon Overview and Level Annotations

Branches:
Dungeon (4/15)
 Temple: D:4-7

Altars:
Hepliaklqana


Message History

The arrow closely misses the orc priest.
The orc priest hits you with a +0 dagger.
The orc priest closely misses you. The orc completely misses you.
You shoot an arrow.
The arrow closely misses the orc priest.
The orc priest hits you but does no damage.
The orc priest hits you with a +0 club. The orc hits you but does no damage.
2389 ||| DRINKING potion of heal wounds.
You feel much better.
The orc priest hits you with a +0 dagger.
The orc closely misses you.
The orc priest calls upon Beogh to heal the orc priest.
The orc priest's wounds heal themselves!
You shoot an arrow. The arrow hits the orc priest.
The orc priest is lightly wounded.
The orc priest hits you with a +0 dagger.
The orc closely misses you. The orc priest closely misses you.
You shoot an arrow.
The arrow closely misses the orc priest.
The orc priest begins to cast a cantrip, but forgets the words!
The orc hits you with a +0 dagger. The orc priest hits you with a +0 club.
You shoot an arrow. The arrow hits the orc priest.
The orc priest is lightly wounded.
The orc priest hits you but does no damage.
The orc priest hits you with a +0 club. The orc hits you but does no damage.
You shoot an arrow.
The arrow completely misses the orc priest.
The orc priest hits you with a +0 dagger.
The orc priest hits you but does no damage.
The orc hits you but does no damage.
You shoot an arrow. The arrow hits the orc priest!
The orc priest is almost dead.
You shoot an arrow.
The arrow completely misses the orc priest.
The orc priest misses you. The orc hits you but does no damage.
The orc priest barely misses you.
You shoot an arrow. The arrow hits the orc priest.
You kill the orc priest!
The orc misses you. The orc priest hits you with a +0 club.
You die...

#####...#....## #
.......#..##.#
.#......#..### .
#..#...#...# #.
#..#.....#.# #..
#. #..#.##...
..o.# ##.### ##..
.o... ###..##.###
##
#.....#o@........
#....o).....##.
##.............
.................
#..............).
####).......##...
#.......### #..
......... ..
...........


You could see an orc priest and an orc.

Vanquished Creatures
  A scorpion (D:2)
  An orc priest (D:4)
  A jelly (D:4)
  An orc wizard (D:4)
  2 adders
  A worm (D:2)
  A dart slug (D:3)
  3 orcs
  7 ball pythons
  5 endoplasms
  A giant cockroach (D:3)
  10 goblins
  6 hobgoblins
  2 quokkas
  2 bats
  2 frilled lizards (D:1)
  8 kobolds
  10 rats
64 creatures vanquished.

Notes
Turn   | Place    | Note
-------+----------+-------------------------------------------
     0 | D:1      | qw the Deep Elf Hunter began the quest for the Orb.
     0 | D:1      | Reached XP level 1. HP: 12/12 MP: 3/3
     0 | D:1      | 0 ||| qw: Version: 0.3-a-9-g12657ce
     0 | D:1      | 0 ||| qw: Game counter: 4418
     0 | D:1      | 0 ||| qw: Always use a shield: true
     0 | D:1      | 0 ||| qw: God list: Okawaru
     0 | D:1      | 0 ||| qw: Allow faded altars: false
     0 | D:1      | 0 ||| qw: Do Orc after D:15 true
     0 | D:1      | 0 ||| qw: Do second Lair branch before Depths: true
     0 | D:1      | 0 ||| qw: Lair rune preference: random
     0 | D:1      | 0 ||| qw: Plans: Normal
     0 | D:1      | 0 ||| PLANNING D:1-11
   138 | D:1      | Reached XP level 2. HP: 16/16 MP: 4/4
   142 | D:1      | Reached skill level 6 in Ranged Weapons
   224 | D:1      | 224 ||| UPGRADING to +0 cloak.
   229 | D:1      | 229 ||| UPGRADING to ring of resist corrosion.
   230 | D:1      | 230 ||| READING scroll labelled XAEHANT HOJU.
   231 | D:1      | 231 ||| DRINKING 2 lumpy silvery potions.
   236 | D:1      | 236 ||| DROPPING scroll of butterflies.
   666 | D:1      | 666 ||| DRINKING 2 ruby potions.
   667 | D:1      | 667 ||| DRINKING 2 viscous green potions.
   668 | D:1      | 668 ||| DRINKING 2 pink potions.
   690 | D:2      | Reached XP level 3. HP: 20/20 MP: 5/5
   914 | D:2      | Reached skill level 7 in Ranged Weapons
  1076 | D:2      | Noticed a scorpion
  1082 | D:2      | Killed a scorpion
  1083 | D:2      | Reached XP level 4. HP: 25/25 MP: 6/6
  1222 | D:2      | Reached skill level 8 in Ranged Weapons
  1426 | D:2      | 1426 ||| DROPPING +6 ring of intelligence.
  1427 | D:2      | 1427 ||| READING scroll labelled ZEWAWOCOCU.
  1428 | D:2      | 1428 ||| READING scroll labelled MAGIUD MOOCUYCHU.
  1431 | D:2      | 1431 ||| READING scroll labelled QYXAOKHLUTUN.
  1432 | D:2      | 1432 ||| READING scroll labelled ASURUU VIPP.
  1433 | D:2      | 1433 ||| READING 3 scrolls of identify.
  1433 | D:2      | 1433 ||| IDENTIFYING yellow potion
  1434 | D:2      | 1434 ||| DROPPING potion of degeneration.
  1692 | D:3      | Found a hazy altar of Hepliaklqana.
  2283 | D:4      | 2283 ||| FLEEEEING.
  2299 | D:4      | Reached XP level 5. HP: 24/29 MP: 7/7
  2307 | D:4      | 2307 ||| FLEEEEING.
  2308 | D:4      | 2308 ||| STAIRDANCE
  2346 | D:4      | Reached skill level 9 in Ranged Weapons
  2375 | D:4      | 2375 ||| Stepping ~*~*~tactically~*~*~ (outnumbered).
  2377 | D:4      | 2377 ||| Stepping ~*~*~tactically~*~*~ (outnumbered).
  2388 | D:4      | HP: 3/29 [orc priest/+0 club (6)]
  2389 | D:4      | 2389 ||| DRINKING potion of heal wounds.
  2393 | D:4      | HP: 4/29 [orc priest/+0 dagger (1)]
  2396 | D:4      | Slain by an orc priest

Levels and vault maps discovered:
D:1:      ebering_trefoil_3fold, layout_basic, minmay_heptomino_d4
D:2:      cheibrodos_greedy_goblins, layout_basic, nicolae_the_louvre
D:3:      layout_basic, worldfamousw_hep_ancestral_shrine
D:4:      layout_cave_pools

Skill      XL: |  1  2  3  4  5 |
---------------+----------------+-----
Ranged Weapons | 6 7 8 9 |  9.0
Fighting       | |  1.5
Dodging        | |  2.5
Stealth        | |  1.2

Action                     |  1- 3 |  4- 6 || total
---------------------------+-------+-------++-------
   Fire: Shortbow          |   100 |    93 ||   193
    Use: Potion            |     4 |     1 ||     5
         Scroll            |     1 |     5 ||     6
 Armour: Leather armour    |     7 |    17 ||    24
  Dodge: Dodged            |    15 |    35 ||    50

Table legend:
 A = Non-vault XP
 B = Vault XP
 C = Vault XP percentage of total XP
 D = Non-vault monster count
 E = Vault monster count
 F = Vault count percentage of total count
                 A         B        C        D         E       F
            +---------+---------+-------+---------+---------+-------
      Total |     308 |      19 |   5.8 |      53 |      11 |  17.2
            +---------+---------+-------+---------+---------+-------
        D:1 |      33 |       6 |  15.4 |      22 |       4 |  15.4
        D:2 |     107 |      13 |  10.8 |      10 |       7 |  41.2
        D:3 |      20 |       0 |   0.0 |      10 |       0 |   0.0
        D:4 |     148 |       0 |   0.0 |      11 |       0 |   0.0
            +---------+---------+-------+---------+---------+-------
